 Dungeon Sprint DCSS version 0.30-a0-358-g0d69a1922f (webtiles) character file.

Game seed: 11627630791998573682

16994 rocky1 the Brawler (level 12, 0/141 HPs)
             Began as a White Draconian Transmuter on Nov 9, 2022.
             Was an Initiate of Gozag.
             Slain by Sonja
             ... wielding a +0 dagger of distortion
              (14 damage)
             ... in the Dungeon (Sprint IX: "|||||||||||||||||||||||||||||").
             The game lasted 00:11:53 (3288 turns).

rocky1 the Brawler (White Draconian Transmuter)     Turns: 3288, Time: 00:11:54

Health: 0/141      AC:  9    Str: 13    XL:     12   Next: 15%
Magic:  27/27      EV: 17    Int: 21    God:    Gozag
Gold:   1438       SH:  0    Dex: 18    Spells: 23/33 levels left

rFire   x . .      SeeInvis .      - Unarmed
rCold   + + +      Faith    .    (shield currently unavailable)
rNeg    . . .      Spirit   .    (body armour unavailable)
rPois   +          Reflect  .    (helmet currently unavailable)
rElec   .          Harm     .    (cloak currently unavailable)
rCorr   .          Rampage  .    (gloves currently unavailable)
Will    .....      NoTele   +    (boots currently unavailable)
Stlth   ++........               v - amulet of regeneration
HPRegen 1.23/turn                k - +3 ring of intelligence
MPRegen 0.20/turn                u - +6 ring of dexterity

@: lethally poisoned (0 -> 0), ice-form, slowed, very slow
A: freezing attack, amphibious, boosted hp, (breathe frost), AC +8, large,
unfitting armour, (cold resistance 1), (cold-blooded)
a: End Transformation, Renounce Religion, Potion Petition, Call Merchant, Bribe
Branch


You were in the Dungeon.
You worshipped Gozag.
Gozag was most pleased with you.
You were a creature of crystalline ice.
You visited 1 branch You collected 7479 gold pieces.
You spent 3329 gold pieces at shops.
You paid 2712 gold pieces to Gozag.

Inventory:

Armour
 j - a +0 pair of gloves (melded)
 o - an orb of mayhem
 s - a +0 cloak (melded)
 t - a +0 pair of boots (melded)
Jewellery
 k - a +3 ring of intelligence (left front paw)
 l - a +3 ring of intelligence
 n - a ring of protection from cold
 u - a +6 ring of dexterity (right front paw)
 v - an amulet of regeneration (around neck)
 A - an amulet of magic regeneration
Wands
 i - a wand of quicksilver (10)
 w - a wand of charming (4)
Scrolls
 g - 3 scrolls of blinking
 h - 2 scrolls of amnesia
 m - a scroll of summoning
 p - 7 scrolls of enchant weapon
 q - 3 scrolls of fear
 x - 4 scrolls of enchant armour
 y - 2 scrolls of fog
Potions
 a - 2 potions of lignification
 b - 8 potions of curing
 c - 2 potions of berserk rage
 d - a potion of haste
 e - 5 potions of magic
 f - 2 potions of heal wounds
 r - a potion of mutation
 z - a potion of brilliance


   Skills:
 + Level 14.6 Fighting
 + Level 12.6 Dodging
 * Level 19.0 Unarmed Combat
 - Level 11.3 Spellcasting
 - Level 12.3 Transmutations
 + Level 1.0 Evocations


You had 23 spell levels left.
You knew the following spells:

 Your Spells              Type           Power      Damage    Failure   Level
a - Beastly Appendage     Tmut           100%       N/A       1%          1
b - Wereblood             Tmut           59%        N/A       1%          2
c - Spider Form           Tmut/Pois      37%        N/A       1%          3
d - Ice Form              Ice/Tmut       37%        N/A       4%          4

Your spell library contained the following spells:

 Spells                   Type           Power      Damage    Failure   Level
 Alistair's Intoxication  Tmut/Pois      24%        N/A       12%         5
 Eringya's Noxious Bog    Tmut/Pois      18%        N/A       56%         6
 Borgnjor's Vile Clutch   Necr/Erth      5%         N/A       83%         5


Dungeon Overview and Level Annotations

Branches:
Dungeon (1/1)

Altars:
Cheibriados
Dithmenos
Elyvilon
Fedhas
Gozag
Hepliaklqana
Kikubaaqudgha
Makhleb
Nemelex Xobeh
Okawaru
Qazlal
Ru
Sif Muna
Trog
Uskayaw
Vehumet
Wu Jian
Xom
Yredelemnul
Zin
The Shining One
Jiyva
Lugonu

Shops:
D =?***[[

Annotations:
D Sonja


Innate Abilities, Weirdness & Mutations

You are a creature of crystalline ice.
You have a powerful freezing melee attack.
You are amphibious.
Your maximum health is increased.
Your armour is entirely melded.
You are incapable of wielding weapons or throwing items.
((You can breathe waves of freezing cold which knock back foes.))
((Your icy white scales are hard. (AC +8)))
You cannot fit into any form of body armour.
((Your flesh is cold resistant. (rC+)))
((You are cold-blooded and may be slowed by cold attacks.))


Message History

* * * LOW HITPOINT WARNING * * *
Space warps around you.
* * * LOW HITPOINT WARNING * * *
You closely miss something.
You feel very sick.
You hear some strange, mumbled words.
You feel very sick.
You feel much better.
You feel sick.
A curare-tipped dart appears from out of thin air!
The curare-tipped dart closely misses you.
A curare-tipped dart appears from out of thin air!
The curare-tipped dart barely misses you.
Unknown command.
You feel sick.
Something hits you. x2; Something hits you but does no damage.
Something barely misses you. Something closely misses you. Something hits you.
Space warps horribly around you!!
* * * LOW HITPOINT WARNING * * *
Something hits you but does no damage. Space warps around you.
* * * LOW HITPOINT WARNING * * *
Something hits you.
* * * LOW HITPOINT WARNING * * *
Space warps around you.
* * * LOW HITPOINT WARNING * * *
Something hits you.
* * * LOW HITPOINT WARNING * * *
You feel much better.
You feel sick. Something hits you.
* * * LOW HITPOINT WARNING * * *
Space warps around you.
* * * LOW HITPOINT WARNING * * *
Something barely misses you. Something hits you.
* * * LOW HITPOINT WARNING * * *
Space warps horribly around you!
* * * LOW HITPOINT WARNING * * *
Something barely misses you. Something hits you.
* * * LOW HITPOINT WARNING * * *
Something hits you.
* * * LOW HITPOINT WARNING * * *
Space warps horribly around you!
You die...
Your body crumbles into a pile of gold.

▓........................
▓.▓▓▓▓▓▓▓▓▓▓▓▓▓▓▓▓▓▓▓▓▓▓▓
▓.......'.............'..
▓▓▓▓▓▓▓▓▓▓▓▓▓▓▓▓▓▓▓▓▓▓▓▓▓
▓........................
▓.▓▓▓▓▓▓▓▓▓▓▓▓▓▓▓▓▓▓▓▓▓▓▓
▓.............'))(.[[[[.)
▓▓▓▓▓▓▓▓▓▓▓▓▓▓▓▓▓▓▓▓▓▓▓▓▓
*......{Y...........)....
*.▓▓▓▓▓▓▓▓▓▓▓▓▓▓▓▓▓▓▓▓▓▓▓
*,,,,,,,,,+,,,,,,,,,,,,,,
*************************
*,,,,,,,,,,,,,,,,,,,,,,,,
*,***********************
*,,,,,,,,,,,,,,,+,,,,,,,,
*************************
*,,,,,,,,,,,,,,,,,,,,,,,,


There were no monsters in sight!

Vanquished Creatures
  A stone giant (D)
  A catoblepas (D)
  A two-headed ogre (D)
  A centaur warrior (D)
  A lindwurm (D)
  2 ugly things (D)
  An orc sorcerer (D)
  14 orc knights (D)
  A manticore (D)
  Maurice (D)
  2 black mambas (D)
  3 cane toads (D)
  A komodo dragon (D)
  3 polar bears (D)
  A hornet (D)
  A blink frog (D)
  A wyvern (D)
  4 yaks (D)
  2 basilisks (D)
  A vampire mosquito (D)
  3 water moccasins (D)
  11 orc warriors (D)
  5 black bears (D)
  A phantom (D)
  2 bullfrogs (D)
  A killer bee (D)
  A hound (D)
  2 orc priests (D)
  An iguana (D)
  4 orc wizards (D)
  8 orcs (D)
  2 bats (D)
  An endoplasm (D)
  2 hobgoblins (D)
87 creatures vanquished.

Notes
Turn   | Place    | Note
-------+----------+-------------------------------------------
     0 | D        | rocky1 the Draconian Transmuter began the quest for the
                  | Orb.
     0 | D        | Reached XP level 1. HP: 16/16 MP: 3/3
   320 | D        | Noticed a hound
   320 | D        | Noticed an iguana
   320 | D        | Noticed a phantom
   323 | D        | Killed a hound
   324 | D        | Reached skill level 4 in Unarmed Combat
   324 | D        | Reached XP level 2. HP: 25/25 MP: 3/6
   324 | D        | Reached XP level 3. HP: 30/30 MP: 3/7
   326 | D        | Reached skill level 5 in Unarmed Combat
   346 | D        | Killed a phantom
   347 | D        | Reached skill level 6 in Unarmed Combat
   347 | D        | Reached XP level 4. HP: 41/41 MP: 3/10
   347 | D        | Reached XP level 5. HP: 47/47 MP: 3/11
   704 | D        | Found a snail-covered altar of Cheibriados.
   704 | D        | Found a shadowy altar of Dithmenos.
   704 | D        | Found a white marble altar of Elyvilon.
   704 | D        | Found a blossoming altar of Fedhas.
   704 | D        | Found an opulent altar of Gozag.
   705 | D        | Found a hazy altar of Hepliaklqana.
   706 | D        | Found a viscous altar of Jiyva.
   707 | D        | Found an ancient bone altar of Kikubaaqudgha.
   708 | D        | Found a corrupted altar of Lugonu.
   709 | D        | Found a burning altar of Makhleb.
   710 | D        | Found a sparkling altar of Nemelex Xobeh.
   711 | D        | Found an iron altar of Okawaru.
   712 | D        | Became a worshipper of Gozag Ym Sagoz the Greedy
   713 | D        | Found a stormy altar of Qazlal.
   714 | D        | Found a sacrificial altar of Ru.
   715 | D        | Found a shimmering blue altar of Sif Muna.
   716 | D        | Found a bloodstained altar of Trog.
   717 | D        | Found a hide-covered altar of Uskayaw.
   718 | D        | Found a radiant altar of Vehumet.
   719 | D        | Found an ornate altar of the Wu Jian Council.
   720 | D        | Found a shimmering altar of Xom.
   721 | D        | Found a basalt altar of Yredelemnul.
   722 | D        | Found a glowing silver altar of Zin.
   723 | D        | Found a glowing golden altar of the Shining One.
   769 | D        | Learned a level 2 spell: Wereblood
   773 | D        | Learned a level 3 spell: Spider Form
   778 | D        | Learned a level 4 spell: Ice Form
  1214 | D        | Noticed an orc warrior
  1214 | D        | Noticed a yak
  1214 | D        | Noticed a wyvern
  1214 | D        | Noticed a yak
  1214 | D        | Noticed a hornet
  1222 | D        | Killed an orc warrior
  1223 | D        | Reached skill level 5 in Fighting
  1223 | D        | Reached skill level 7 in Unarmed Combat
  1223 | D        | Reached skill level 5 in Transmutations
  1225 | D        | Killed a yak
  1226 | D        | Reached skill level 5 in Dodging
  1226 | D        | Reached skill level 8 in Unarmed Combat
  1226 | D        | Reached skill level 5 in Spellcasting
  1226 | D        | Reached XP level 6. HP: 38/57 MP: 7/14
  1230 | D        | Killed a wyvern
  1231 | D        | Reached skill level 9 in Unarmed Combat
  1231 | D        | Your scales start taking on an icy white colour.
  1231 | D        | Reached XP level 7. HP: 28/64 MP: 8/15
  1231 | D        | Gained mutation: Your flesh is cold resistant. (rC+) [White
                  | Draconian growth]
  1235 | D        | Killed a yak
  1241 | D        | Reached skill level 10 in Unarmed Combat
  1243 | D        | Killed a hornet
  1472 | D        | Noticed a vampire mosquito
  1472 | D        | Noticed a brown ugly thing
  1472 | D        | Noticed a purple ugly thing
  1472 | D        | Noticed a centaur warrior
  1472 | D        | Noticed a two-headed ogre
  1472 | D        | Noticed a manticore
  1482 | D        | Killed a purple ugly thing
  1483 | D        | Reached skill level 11 in Unarmed Combat
  1483 | D        | Reached XP level 8. HP: 59/75 MP: 12/18
  1493 | D        | Killed a purple ugly thing
  1495 | D        | Reached skill level 12 in Unarmed Combat
  1499 | D        | Killed a centaur warrior
  1500 | D        | Reached XP level 9. HP: 85/85 MP: 19/21
  1503 | D        | Killed a two-headed ogre
  1504 | D        | Reached skill level 10 in Fighting
  1504 | D        | Reached skill level 13 in Unarmed Combat
  1505 | D        | Killed a manticore
  2055 | D        | Noticed a komodo dragon
  2055 | D        | Noticed a black mamba
  2059 | D        | Noticed a cane toad
  2063 | D        | Killed a komodo dragon
  2064 | D        | Noticed a cane toad
  2069 | D        | Reached skill level 14 in Unarmed Combat
  2069 | D        | Reached XP level 10. HP: 94/94 MP: 16/23
  2071 | D        | Reached skill level 10 in Transmutations
  2073 | D        | Killed a black mamba
  2074 | D        | Killed a cane toad
  2077 | D        | Killed a cane toad
  2141 | D        | Noticed a cane toad
  2142 | D        | Noticed a lindwurm
  2149 | D        | Noticed a black mamba
  2153 | D        | Killed a cane toad
  2153 | D        | Noticed a catoblepas
  2156 | D        | Reached skill level 15 in Unarmed Combat
  2159 | D        | Killed a lindwurm
  2160 | D        | Reached skill level 10 in Dodging
  2160 | D        | Reached skill level 10 in Spellcasting
  2161 | D        | Killed a black mamba
  2175 | D        | Killed a catoblepas
  2424 | D        | Reached XP level 11. HP: 104/104 MP: 19/25
  2434 | D        | Reached skill level 16 in Unarmed Combat
  2602 | D        | Noticed an orc knight
  2609 | D        | Noticed a stone giant
  2616 | D        | Killed an orc knight
  2625 | D        | Killed a stone giant
  2825 | D        | Bought a +6 ring of dexterity for 540 gold pieces
  2825 | D        | Bought an amulet of regeneration for 450 gold pieces
  2835 | D        | Bought a scroll of magic mapping for 97 gold pieces
  2835 | D        | Bought 2 scrolls of enchant armour for 195 gold pieces
  2835 | D        | Bought 2 scrolls of fog for 104 gold pieces
  2835 | D        | Bought a scroll of enchant armour for 97 gold pieces
  2838 | D        | Noticed an orc sorcerer
  2838 | D        | Noticed an orc knight
  2842 | D        | Killed an orc sorcerer
  2853 | D        | Noticed an orc knight
  2862 | D        | Killed an orc knight
  2875 | D        | Killed an orc knight
  2876 | D        | Reached skill level 17 in Unarmed Combat
  3034 | D        | Bought a potion of curing for 36 gold pieces
  3034 | D        | Bought Great Wizards, Vol. II for 456 gold pieces
  3034 | D        | Bought a scroll of blinking for 90 gold pieces
  3034 | D        | Found Beir's General Store.
  3034 | D        | Noticed an orc knight
  3034 | D        | Noticed an orc knight
  3034 | D        | Noticed an orc knight
  3034 | D        | Noticed an orc knight
  3036 | D        | Noticed an orc knight
  3042 | D        | Killed an orc knight
  3043 | D        | Noticed an orc knight
  3054 | D        | Killed an orc knight
  3061 | D        | Killed an orc knight
  3076 | D        | Killed an orc knight
  3077 | D        | Found Aboij's Assorted Antiques.
  3083 | D        | Killed an orc knight
  3084 | D        | Reached skill level 18 in Unarmed Combat
  3089 | D        | Killed an orc knight
  3092 | D        | Found Foun's Armour Emporium.
  3093 | D        | Noticed an orc knight
  3095 | D        | Found Alaama's Antique Armour Shoppe.
  3098 | D        | Noticed an orc knight
  3103 | D        | Noticed an orc knight
  3104 | D        | Killed an orc knight
  3105 | D        | Noticed an orc knight
  3106 | D        | Noticed an orc knight
  3116 | D        | Killed an orc knight
  3117 | D        | Reached XP level 12. HP: 68/117 MP: 27/27
  3183 | D        | Bought a scroll of enchant weapon for 105 gold pieces
  3183 | D        | Bought an amulet of magic regeneration for 420 gold pieces
  3183 | D        | Bought a potion of magic for 112 gold pieces
  3187 | D        | Bought a scroll of enchant armour for 210 gold pieces
  3187 | D        | Bought an inky potion for 25 gold pieces
  3187 | D        | Bought a potion of heal wounds for 140 gold pieces
  3192 | D        | Bought a runed orb for 252 gold pieces
  3253 | D        | Noticed Maurice
  3264 | D        | Killed Maurice
  3265 | D        | Reached skill level 19 in Unarmed Combat
  3265 | D        | Reached skill level 1 in Evocations
  3269 | D        | Noticed Sonja
  3288 | D        | Slain by Sonja

Illustrated notes

Levels and vault maps discovered:
D:        linesprint [early_d, line_temple, items_1, d_10, items_2, lair_1,
          lair_end, items_3, orc_1, orc_end, items_4, d_15, swamp_1, shoals_1,
          snake_1, spider_1, d_20, vaults_1, items_5, swamp_end, shoals_end,
          snake_end, spider_end, vaults_end, d_27, items_6, zot_1, zot_end,
          crypt_end, forest_end, elf_end, slime_end, tomb_end, abyss_end,
          pan_hell_end]

Skill      XL: |  1  2  3  4  5  6  7  8  9 10 11 12 |
---------------+-------------------------------------+-----
Dodging        | 2 4 5 7 8 9 10 12 | 12.6
Fighting       | 2 4 6 8 9 10 12 14 | 14.6
Unarmed Combat | 4 6 8 9 11 12 14 15 18 19 | 19.0
Spellcasting   | 3 4 5 7 8 9 10 11 | 11.3
Transmutations | 3 4 6 7 9 11 12 | 12.3
Evocations     | 1 |  1.0

Action                   |  1- 3 |  4- 6 |  7- 9 | 10-12 || total
-------------------------+-------+-------+-------+-------++-------
Melee: Unarmed           |    27 |    12 |    44 |   216 ||   299
       Kick              |     8 |       |       |       ||     8
       Headbutt          |     6 |       |       |       ||     6
       Tailslap          |     3 |       |       |       ||     3
 Cast: Beastly Appendage |     3 |       |       |       ||     3
       Wereblood         |       |     1 |     2 |     6 ||     9
       Ice Form          |       |     1 |     2 |     5 ||     8
       Spider Form       |       |       |       |     2 ||     2
Invok: Potion Petition   |       |       |     1 |       ||     1
       Call Merchant     |       |       |       |     3 ||     3
 Abil: Breathe Frost     |       |       |       |     2 ||     2
  Use: Potion            |     2 |     1 |     2 |     4 ||     9
       Scroll            |       |       |       |     2 ||     2
 Stab: Invisible         |       |     2 |     2 |       ||     4
       Petrified         |       |       |       |     2 ||     2
       Distracted        |       |       |       |     2 ||     2
Armor: Skin              |     5 |     1 |     2 |    34 ||    42
Dodge: Dodged            |    22 |     3 |    17 |   103 ||   145

Table legend: (Time is in decaauts)
 A = Elapsed time spent in this place.
 B = Non-inter-level travel time spent in this place.
 C = Inter-level travel time spent in this place.
 D = Time resting spent in this place.
 E = Time spent auto-exploring this place.
 F = Levels seen in this place.
 G = Mean time per level.
                   A        B        C        D        E       F      G
               +--------+--------+--------+--------+--------+-----+--------+
         Total |   3219 |   3219 |      0 |   2210 |      0 |   1 | 3219.0 |
       Dungeon |   3219 |   3219 |      0 |   2210 |      0 |   1 | 3219.0 |
               +--------+--------+--------+--------+--------+-----+--------+

Top non-repeatable levels by time:
       D: 3219 daAuts
